TOP OF THE 1ST |
Florida Gators batting - Pitching for Texas Longhorns : LHP Marvin Cooper
|
Pitching: LHP Marvin Cooper
|
|
Batting: SHB Ethan Finley
|
0-0: Foul Ball, location: 2F 0-1: Bunt missed! 0-2: SINGLE (Groundball, 34S) (infield hit)
|
Batting: LHB Bruce Shelton
|
0-0: Ball 1-0: Ball 2-0: Fielders Choice at 2nd, 6-4 (Groundball, 6M)
|
Batting: RHB Luis Morales
|
0-0: Called Strike 0-1: Foul Ball, location: 2F 0-2: Ball 1-2: Ball 2-2: Fly out, F8 (Flyball, 8RM)
|
Batting: RHB Jon Newsome
|
0-0: SINGLE (Line Drive, 78S) Bruce Shelton to second
|
Batting: LHB Xavier Rivera
|
0-0: Ball 1-0: Ball 2-0: Called Strike 2-1: SINGLE (Groundball, 5D) Bruce Shelton to third Jon Newsome to second Runner from 3rd tries for Home, SAFE, no throw
|
Batting: RHB Manny Gutiérrez
|
0-0: Foul Ball, location: 2F 0-1: Ball 1-1: Ball 2-1: Foul Ball, location: 2F 2-2: Strikes out swinging
|
Top of the 1st over - 1 run(s), 3 hit(s), 0 error(s), 2 left on base; Florida 1 - Texas 0 |
BOTTOM OF THE 1ST |
Texas Longhorns batting - Pitching for Florida Gators : RHP Sergio García
|
Pitching: RHP Sergio García
|
|
Batting: LHB Dave Tucker
|
0-0: Foul Ball, location: 2F 0-1: Hit by Pitch
|
Batting: SHB Fabio Morán
|
0-0: Ball 1-0: Ball 2-0: DOUBLE (Line Drive, 9LM) Dave Tucker to third
|
Pinch Runner at 2nd Germán Díaz:
|
|
Batting: RHB Joe Rogers
|
0-0: Called Strike 0-1: Called Strike 0-2: Ball 1-2: Strikes out swinging
|
Batting: SHB Randy Anderson
|
0-0: Ball 1-0: Foul Ball, location: 2F 1-1: Ball 2-1: Called Strike 2-2: Foul Ball, location: 2F 2-2: SINGLE (Line Drive, 7LS) Dave Tucker scores Germán Díaz to third Throwing error, E7 Germán Díaz scores Randy Anderson to second
|
Batting: RHB John Burton
|
0-0: Ground out 4-3 (Groundball, 4) Randy Anderson to third
|
Batting: RHB José Wills
|
0-0: SINGLE (Groundball, 6MD) Randy Anderson scores
|
Batting: LHB Arlen Powers
|
0-0: Called Strike 0-1: Foul Ball, location: 2F 0-2: Foul Ball, location: 2F 0-2: Ball 1-2: Ball 2-2: Foul Ball, location: 2F 2-2: Strikes out swinging
|
Bottom of the 1st over - 3 run(s), 3 hit(s), 1 error(s), 1 left on base; Florida 1 - Texas 3 |
TOP OF THE 2ND |
Florida Gators batting - Pitching for Texas Longhorns : LHP Marvin Cooper
|
Now in LF: Germán Díaz
|
|
Batting: RHB Nathan Sullivan
|
0-0: Ball 1-0: Ball 2-0: Called Strike 2-1: Called Strike 2-2: Strikes out looking
|
Batting: RHB Marshall Normore
|
0-0: Ball 1-0: SINGLE (Groundball, 6D)
|
Batting: RHB Dorian Riddle
|
0-0: Swinging Strike 0-1: Ball 1-1: Ball 2-1: SINGLE (Line Drive, 9S) Marshall Normore to second
|
Batting: SHB Ethan Finley
|
0-0: Fly out, F8 (Flyball, 8LM)
|
Batting: LHB Bruce Shelton
|
0-0: Called Strike 0-1: SINGLE (Line Drive, 4MD) Marshall Normore to third Dorian Riddle to second Runner from 3rd tries for Home, SAFE, no throw
|
Batting: RHB Luis Morales
|
0-0: Ball 1-0: Called Strike 1-1: Fielders Choice at 2nd, 5-4 (Groundball, 56)
|
Top of the 2nd over - 1 run(s), 3 hit(s), 0 error(s), 1 left on base; Florida 2 - Texas 3 |
BOTTOM OF THE 2ND |
Texas Longhorns batting - Pitching for Florida Gators : RHP Sergio García
|
Batting: RHB Bob Cooper
|
0-0: Foul Ball, location: 2F 0-1: SINGLE (Groundball, 6D)
|
Batting: SHB Dave Hickman
|
0-0: Foul Ball, location: 2F 0-1: Swinging Strike 0-2: Ball 1-2: Ball 2-2: Ball 3-2: Strikes out swinging
|
Batting: LHB Dave Tucker
|
0-0: Called Strike 0-1: Ball 1-1: Ball 2-1: Foul Ball, location: 2F 2-2: Ball 3-2: Base on Balls Bob Cooper to second
|
Batting: LHB Germán Díaz
|
0-0: Ball 1-0: Fly out, F7 (Flyball, 7)
|
Batting: RHB Joe Rogers
|
0-0: Called Strike 0-1: Swinging Strike 0-2: Strikes out swinging
|
Bottom of the 2nd over - 0 run(s), 1 hit(s), 0 error(s), 2 left on base; Florida 2 - Texas 3 |
TOP OF THE 3RD |
Florida Gators batting - Pitching for Texas Longhorns : LHP Marvin Cooper
|
Batting: RHB Jon Newsome
|
0-0: Ball 1-0: Ball 2-0: Ball 3-0: Called Strike 3-1: Called Strike 3-2: Reached on error, E5 (Groundball, 56S)
|
Batting: LHB Xavier Rivera
|
0-0: Ball 1-0: Swinging Strike 1-1: Ball 2-1: Ball 3-1: SINGLE (Line Drive, 4D) Jon Newsome to second
|
Batting: RHB Manny Gutiérrez
|
0-0: Ball 1-0: Ball 2-0: Fly out, F8 (Flyball, 8LM)
|
Batting: RHB Nathan Sullivan
|
0-0: Foul Ball, location: 2F 0-1: Foul Ball, location: 2F 0-2: Ball 1-2: SINGLE (Groundball, 6D) Jon Newsome to third Xavier Rivera to second Runner from 3rd tries for Home, SAFE, throw made home Xavier Rivera to third Nathan Sullivan to second
|
Batting: RHB Marshall Normore
|
0-0: Ball 1-0: Ball 2-0: Ball 3-0: Called Strike 3-1: Base on Balls
|
Batting: RHB Dorian Riddle
|
0-0: Ball 1-0: Foul Ball, location: 2F 1-1: Ball 2-1: Ball 3-1: Called Strike 3-2: Base on Balls Xavier Rivera scores Nathan Sullivan to third Marshall Normore to second
|
Batting: SHB Ethan Finley
|
0-0: Foul Ball, location: 2F 0-1: Grounds into fielders choice 1-2 (Groundball, 13S) Marshall Normore to third Dorian Riddle to second
|
Batting: LHB Bruce Shelton
|
0-0: Called Strike 0-1: Ball 1-1: Called Strike 1-2: Strikes out swinging
|
Top of the 3rd over - 2 run(s), 2 hit(s), 1 error(s), 3 left on base; Florida 4 - Texas 3 |
BOTTOM OF THE 3RD |
Texas Longhorns batting - Pitching for Florida Gators : RHP Sergio García
|
Batting: SHB Randy Anderson
|
0-0: Ball 1-0: Foul Ball, location: 2F 1-1: Ball 2-1: Ball 3-1: Base on Balls
|
Batting: RHB John Burton
|
0-0: Ball 1-0: Called Strike 1-1: Grounds into double play, 5-4-3 (Groundball, 56)
|
Batting: RHB José Wills
|
0-0: Called Strike 0-1: Ball 1-1: Foul Ball, location: 2F 1-2: Ground out 6-3 (Groundball, 6S)
|
Bottom of the 3rd over - 0 run(s), 0 hit(s), 0 error(s), 0 left on base; Florida 4 - Texas 3 |
TOP OF THE 4TH |
Florida Gators batting - Pitching for Texas Longhorns : LHP Marvin Cooper
|
Batting: RHB Luis Morales
|
0-0: Ball 1-0: Called Strike 1-1: Ball 2-1: Swinging Strike 2-2: Strikes out looking
|
Batting: RHB Jon Newsome
|
0-0: Called Strike 0-1: Foul Ball, location: 2F 0-2: Strikes out swinging
|
Batting: LHB Xavier Rivera
|
0-0: Called Strike 0-1: Foul Ball, location: 2F 0-2: Ball 1-2: Foul Ball, location: 2F 1-2: Foul Ball, location: 2F 1-2: SINGLE (Groundball, 56S) (infield hit)
|
Pitching: RHP Armando Alvarado
|
|
Batting: RHB Manny Gutiérrez
|
0-0: Ball 1-0: Called Strike 1-1: Swinging Strike 1-2: Ball 2-2: Strikes out swinging
|
Top of the 4th over - 0 run(s), 1 hit(s), 0 error(s), 1 left on base; Florida 4 - Texas 3 |
BOTTOM OF THE 4TH |
Texas Longhorns batting - Pitching for Florida Gators : RHP Sergio García
|
Batting: LHB Arlen Powers
|
0-0: Ball 1-0: Ground out 4-3 (Groundball, 4S)
|
Batting: RHB Bob Cooper
|
0-0: Called Strike 0-1: Ball 1-1: Ball 2-1: Foul Ball, location: 2F 2-2: Foul Ball, location: 2F 2-2: Strikes out looking
|
Batting: SHB Dave Hickman
|
0-0: Ball 1-0: Ball 2-0: Ball 3-0: Called Strike 3-1: Ground out U3 (Groundball, 3S)
|
Bottom of the 4th over - 0 run(s), 0 hit(s), 0 error(s), 0 left on base; Florida 4 - Texas 3 |
TOP OF THE 5TH |
Florida Gators batting - Pitching for Texas Longhorns : RHP Armando Alvarado
|
Batting: RHB Nathan Sullivan
|
0-0: Foul Ball, location: 2F 0-1: Foul Ball, location: 2F 0-2: Ball 1-2: Ball 2-2: Fly out, F8 (Flyball, 8RM)
|
Batting: RHB Marshall Normore
|
0-0: Called Strike 0-1: Foul Ball, location: 2F 0-2: Ball 1-2: Ground out 6-3 (Groundball, 6)
|
Batting: RHB Dorian Riddle
|
0-0: Ball 1-0: Called Strike 1-1: Foul Ball, location: 2F 1-2: SINGLE (Groundball, 56) (infield hit)
|
Batting: SHB Ethan Finley
|
0-0: Called Strike 0-1: Ball 1-1: Fielders Choice at 2nd, 4-6 (Groundball, 4)
|
Top of the 5th over - 0 run(s), 1 hit(s), 0 error(s), 0 left on base; Florida 4 - Texas 3 |
BOTTOM OF THE 5TH |
Texas Longhorns batting - Pitching for Florida Gators : RHP Sergio García
|
Batting: LHB Dave Tucker
|
0-0: Swinging Strike 0-1: Fly out, F7 (Flyball, 7)
|
Batting: LHB Germán Díaz
|
0-0: Foul Ball, location: 2F 0-1: Ball 1-1: Ball 2-1: Foul Ball, location: 2F 2-2: Foul Ball, location: 2F 2-2: Foul Ball, location: 2F 2-2: Ball 3-2: Foul Ball, location: 2F 3-2: Strikes out swinging
|
Batting: RHB Joe Rogers
|
0-0: Ground out 5-3 (Groundball, 56S)
|
Bottom of the 5th over - 0 run(s), 0 hit(s), 0 error(s), 0 left on base; Florida 4 - Texas 3 |
TOP OF THE 6TH |
Florida Gators batting - Pitching for Texas Longhorns : RHP Armando Alvarado
|
Batting: LHB Bruce Shelton
|
0-0: Called Strike 0-1: Foul Ball, location: 2F 0-2: Strikes out looking
|
Batting: RHB Luis Morales
|
0-0: Ball 1-0: Ball 2-0: Foul Ball, location: 2F 2-1: Ball 3-1: Foul Ball, location: 2F 3-2: Foul Ball, location: 2F 3-2: Foul Ball, location: 2F 3-2: Ground out 4-3 (Groundball, 4M)
|
Batting: RHB Jon Newsome
|
0-0: Called Strike 0-1: Called Strike 0-2: Ball 1-2: Strikes out looking
|
Top of the 6th over - 0 run(s), 0 hit(s), 0 error(s), 0 left on base; Florida 4 - Texas 3 |
BOTTOM OF THE 6TH |
Texas Longhorns batting - Pitching for Florida Gators : RHP Sergio García
|
Pitching: LHP John Anthony
|
|
Batting: SHB Randy Anderson
|
0-0: Fly out, F7 (Line Drive, 7)
|
Batting: RHB John Burton
|
0-0: Ball 1-0: Swinging Strike 1-1: Ball 2-1: Ball 3-1: Base on Balls
|
Batting: RHB José Wills
|
0-0: Ball 1-0: Called Strike 1-1: Ball 2-1: Foul Ball, location: 2F 2-2: Ball 3-2: Foul Ball, location: 2F 3-2: Foul Ball, location: 2F 3-2: Base on Balls John Burton to second
|
Batting: LHB Arlen Powers
|
0-0: Ball 1-0: Called Strike 1-1: Foul Ball, location: 2F 1-2: Ground out 4-3 (Groundball, 34D) John Burton to third José Wills to second
|
Batting: RHB Bob Cooper
|
0-0: Ball 1-0: Called Strike 1-1: Ball 2-1: Ball 3-1: Foul Ball, location: 2F 3-2: Foul Ball, location: 2F 3-2: Foul Ball, location: 2F 3-2: Base on Balls
|
Batting: SHB Dave Hickman
|
0-0: Ball 1-0: Swinging Strike 1-1: Called Strike 1-2: Strikes out swinging
|
Bottom of the 6th over - 0 run(s), 0 hit(s), 0 error(s), 3 left on base; Florida 4 - Texas 3 |
TOP OF THE 7TH |
Florida Gators batting - Pitching for Texas Longhorns : RHP Armando Alvarado
|
Batting: LHB Xavier Rivera
|
0-0: Ball 1-0: Swinging Strike 1-1: Ball 2-1: Swinging Strike 2-2: Foul Ball, location: 2F 2-2: Strikes out looking
|
Batting: RHB Manny Gutiérrez
|
0-0: Ball 1-0: Foul Ball, location: 2F 1-1: Ball 2-1: Foul Ball, location: 2F 2-2: Strikes out swinging
|
Batting: RHB Nathan Sullivan
|
0-0: Called Strike 0-1: Ball 1-1: Called Strike 1-2: Foul Ball, location: 2F 1-2: Foul Ball, location: 2F 1-2: Foul Ball, location: 2F 1-2: Strikes out swinging
|
Top of the 7th over - 0 run(s), 0 hit(s), 0 error(s), 0 left on base; Florida 4 - Texas 3 |
BOTTOM OF THE 7TH |
Texas Longhorns batting - Pitching for Florida Gators : LHP John Anthony
|
Batting: LHB Dave Tucker
|
0-0: Ground out 4-3 (Groundball, 4)
|
Batting: LHB Germán Díaz
|
0-0: Ball 1-0: Swinging Strike 1-1: Swinging Strike 1-2: Strikes out swinging
|
Batting: RHB Joe Rogers
|
0-0: Ball 1-0: Foul Ball, location: 2F 1-1: Ground out 4-3 (Groundball, 4)
|
Bottom of the 7th over - 0 run(s), 0 hit(s), 0 error(s), 0 left on base; Florida 4 - Texas 3 |
TOP OF THE 8TH |
Florida Gators batting - Pitching for Texas Longhorns : RHP Armando Alvarado
|
Batting: RHB Marshall Normore
|
0-0: Fly out, F8 (Flyball, 8LM)
|
Batting: RHB Dorian Riddle
|
0-0: Called Strike 0-1: Ball 1-1: Ball 2-1: Swinging Strike 2-2: Strikes out swinging
|
Pitching: LHP John Case
|
|
Batting: SHB Ethan Finley
|
0-0: Ball 1-0: Ground out 4-3 (Groundball, 34)
|
Top of the 8th over - 0 run(s), 0 hit(s), 0 error(s), 0 left on base; Florida 4 - Texas 3 |
BOTTOM OF THE 8TH |
Texas Longhorns batting - Pitching for Florida Gators : LHP John Anthony
|
Batting: SHB Randy Anderson
|
0-0: Ball 1-0: Ground out 4-3 (Groundball, 4)
|
Pitching: LHP Curt Mitchell
|
|
Batting: RHB John Burton
|
0-0: Swinging Strike 0-1: Foul Ball, location: 2F 0-2: SINGLE (Line Drive, 34)
|
Pitching: RHP Norberto Gabriel
|
|
Batting: RHB José Wills
|
0-0: Ball 1-0: Called Strike 1-1: Ball 2-1: Foul Ball, location: 2F 2-2: Strikes out swinging
|
Pitching: LHP Ryan McKibbin
|
|
Batting: LHB Arlen Powers
|
0-0: Ball 1-0: SINGLE (Flyball, 8LS) John Burton to second Runner from 2nd tries for 3rd, SAFE, throw made to third Arlen Powers to second
|
Pitching: RHP Arturo Díaz
|
|
Batting: RHB Bob Cooper
|
0-0: Called Strike 0-1: Ball 1-1: Foul Ball, location: 2F 1-2: Ball 2-2: Ball 3-2: Base on Balls
|
Batting: SHB Dave Hickman
|
0-0: Foul Ball, location: 2F 0-1: Ball 1-1: Ball 2-1: Ball 3-1: Base on Balls John Burton scores Arlen Powers to third Bob Cooper to second
|
Batting: LHB Dave Tucker
|
0-0: Called Strike 0-1: Foul Ball, location: 2F 0-2: GRAND SLAM HOME RUN (Flyball, 89XD), Distance : 372 ft
|
Pitching: RHP Michael Short
|
|
Batting: LHB Germán Díaz
|
0-0: Called Strike 0-1: Foul Ball, location: 2F 0-2: Strikes out looking
|
Bottom of the 8th over - 5 run(s), 3 hit(s), 0 error(s), 0 left on base; Florida 4 - Texas 8 |
TOP OF THE 9TH |
Florida Gators batting - Pitching for Texas Longhorns : LHP John Case
|
Batting: LHB Bruce Shelton
|
0-0: Swinging Strike 0-1: Foul Ball, location: 2F 0-2: Strikes out looking
|
Batting: RHB Luis Morales
|
0-0: Called Strike 0-1: Ball 1-1: Swinging Strike 1-2: Strikes out swinging
|
Batting: RHB Jon Newsome
|
0-0: Called Strike 0-1: Fly out, F4 (Popup, 4)
|
Top of the 9th over - 0 run(s), 0 hit(s), 0 error(s), 0 left on base; Florida 4 - Texas 8 |
|